[Event "USA-ch Girls 2017"]
[Site "Saint Louis"]
[Date "2017.07.15"]
[Round "7"]
[White "Ulrich, Rachel J"]
[Black "Cervantes Landeiro, Thalia"]
[Result "1/2-1/2"]
[ECO "C65"]
[WhiteElo "2049"]
[BlackElo "2032"]
[Annotator "NA RC"]
[PlyCount "94"]
[EventDate "2017.??.??"]
[EventType "tourn"]
[EventCountry "USA"]
[SourceTitle "playchess.com"]
[Source "ChessBase"]
[SourceQuality "1"]
[TimeControl "40/5400+30:1800+30"]

1. e4 e5 2. Nf3 Nc6 3. Bb5 Nf6 4. d3 Bc5 5. O-O d6 6. Nbd2 {[%emt 0:00:27] C65: Ruy Lopez: Berlin Defence (3...Nf6), unusual lines and 4 0-0 Bc5} O-O 7. Bxc6 bxc6 8. h3 Re8 9. Re1 a5 10. a4 h6 11. Nc4 $146 ({Predecessor:} 11. Nf1 Nh5 12. c3 Qf6 13. d4 Bb6 {1-0 (35) Idani,P (2496)-Bacrot,E (2712) Nakhchivan 2015}) 11... Be6 12. b3 Nd7 13. Bd2 Bb6 (13... Bxc4 $5 14. bxc4 Qf6 $11) 14. Nxb6 cxb6 15. d4 Qc7 16. Bc3 Rad8 17. Bb2 f6 18. c4 exd4 19. Nxd4 Nc5 20. Qf3 Bc8 21. Re3 Ne6 22. Nf5 Ng5 23. Qf4 Bxf5 24. Qxf5 Qd7 25. Qf4 Ne6 26. Qh4 Nc5 27. Rd1 Qf7 28. Ba3 Kh7 29. Qf4 Re5 30. Bxc5 bxc5 31. Red3 Qe6 32. Qd2 Rxe4 33. Rxd6 Rxd6 34. Qxd6 Re1+ 35. Kh2 Qxd6+ (35... Qe7 $16 {was necessary.}) 36. Rxd6 Rb1 37. Rxc6 Rxb3 38. Rxc5 Rb4 39. Rxa5 Rxc4 40. g4 ({Better is} 40. g3 $18) 40... Rc2 (40... Rd4 $16 {was worth a try.} 41. Ra8 Rd3) 41. Kg3 Ra2 {[%emt 0:01:00] [#]} 42. Ra7 (42. h4 $1 $18) 42... Ra3+ 43. f3 Kg6 44. Ra5 Kh7 45. h4 g5 46. Ra7+ Kh8 47. h5 Ra2 $16 1/2-1/2

[Event "USA-ch Girls 2017"]
[Site "Saint Louis"]
[Date "2017.07.16"]
[Round "8"]
[White "Gorti, Akshita"]
[Black "Feng, Maggie"]
[Result "1/2-1/2"]
[ECO "A90"]
[WhiteElo "2232"]
[BlackElo "2304"]
[Annotator "ChessBase"]
[PlyCount "52"]
[EventDate "2017.??.??"]
[EventType "tourn"]
[EventCountry "USA"]
[SourceTitle "playchess.com"]
[Source "ChessBase"]
[SourceQuality "1"]
[TimeControl "40/5400+30:1800+30"]

1. d4 e6 2. c4 f5 3. g3 Nf6 4. Bg2 c6 5. Nf3 d5 6. O-O Bd6 7. Nc3 O-O 8. Qc2 Nbd7 9. cxd5 cxd5 10. Nb5 Bb8 11. Bf4 Bxf4 12. gxf4 Ne8 13. Rfc1 Qb6 14. a4 a6 15. Nc7 Nxc7 16. Qxc7 Qxb2 17. e3 Qb6 18. a5 Qxc7 19. Rxc7 Rd8 20. Ng5 Nf6 21. Rac1 Ne8 22. Re7 Kf8 23. Rf7+ Kg8 24. Re7 Kf8 25. Rf7+ Kg8 26. Re7 Kf8 1/2-1/2

[Event "USA-ch Girls 2017"]
[Site "Saint Louis"]
[Date "2017.07.16"]
[Round "8"]
[White "Nguyen, Emily"]
[Black "Ulrich, Rachel J"]
[Result "1/2-1/2"]
[ECO "D45"]
[WhiteElo "2048"]
[BlackElo "2049"]
[Annotator "NA"]
[PlyCount "98"]
[EventDate "2017.??.??"]
[EventType "tourn"]
[EventCountry "USA"]
[SourceTitle "playchess.com"]
[Source "ChessBase"]
[SourceQuality "1"]
[TimeControl "40/5400+30:1800+30"]

1. d4 d5 2. c4 c6 3. Nf3 Nf6 4. Nc3 e6 5. e3 a6 6. b3 Bb4 7. Bd2 Nbd7 8. Bd3 O-O 9. O-O {[%emt 0:00:30] D45: Semi-Slav: 5 e3} (9. Qc2 Qe7 10. Ne5 Nxe5 11. dxe5 Ng4 12. f4 f5 13. g3 Rd8 14. h3 Nxe3 15. Bxe3 d4 16. Bd2 dxc3 17. Bxc3 Bxc3+ 18. Qxc3 {0-1 (29) Topalov,V (2749)-Carlsen,M (2832) Paris 2017}) 9... Bd6 10. e4 dxc4 11. bxc4 e5 12. d5 Nc5 13. Bc2 {[%emt 0:00:52] [#]} Qc7 $146 ({Predecessor:} 13... cxd5 14. cxd5 Bg4 15. h3 Bh5 16. a4 Rc8 {1-0 (55) Drozdovskij,Y (2561)-Malakhatko,V (2617) Warsaw 2006}) 14. h3 b5 15. Bg5 Nfd7 (15... b4 $1 $15 16. Bxf6 bxc3) 16. dxc6 Qxc6 17. cxb5 axb5 18. Nxb5 Qxb5 19. Qxd6 Qc4 20. Rfc1 Rxa2 21. Rxa2 Qxa2 22. Nxe5 Qe6 23. Be7 Re8 24. Nxd7 Qxd7 25. Qxc5 Qxe7 26. Bb3 Bb7 27. Bd5 Qxc5 28. Rxc5 Bxd5 29. Rxd5 g6 30. e5 h5 31. f4 Rb8 32. Kf2 Rb3 33. Rd2 Kf8 34. Re2 Ke7 35. Re3 Rb4 36. Kf3 f6 37. g4 hxg4+ 38. hxg4 fxe5 39. Rxe5+ Kf6 40. g5+ Kf7 41. Ra5 Rb1 42. Ra7+ Kf8 43. Ra6 Kg7 44. Rf6 Rb3+ 45. Ke4 Rb4+ 46. Kd5 Rb5+ 47. Kc6 (47. Kc4 $5 Ra5 48. Kd4 $14) 47... Ra5 48. Rd6 Ra4 49. Rd7+ $11 (49. f5 $5 Ra6+ 50. Kd7 Rxd6+ 51. Kxd6 gxf5 52. Ke5 $11) 49... Kf8 1/2-1/2

[Event "USA-ch Girls 2017"]
[Site "Saint Louis"]
[Date "2017.07.16"]
[Round "8"]
[White "Bykovtsev, Agata"]
[Black "Eswaran, Ashritha"]
[Result "1/2-1/2"]
[ECO "B28"]
[WhiteElo "2045"]
[BlackElo "2086"]
[Annotator "NA RC"]
[PlyCount "51"]
[EventDate "2017.??.??"]
[EventType "tourn"]
[EventCountry "USA"]
[SourceTitle "playchess.com"]
[Source "ChessBase"]
[SourceQuality "1"]
[TimeControl "40/5400+30:1800+30"]

1. e4 c5 2. Nf3 a6 3. c3 g6 4. d4 cxd4 {[%emt 0:00:16] B28: Sicilian: 2 Nf3 a6 (O'Kelly Variation)} 5. cxd4 d5 6. e5 Bg4 7. Be2 Nc6 8. O-O (8. h3 Bxf3 9. Bxf3 e6 10. O-O Qb6 11. Be3 Qxb2 12. Nd2 {1-0 (35) Kosintseva,T (2496)-Cramling,P (2525) Beijing 2013}) 8... Bxf3 9. Bxf3 e6 10. Nc3 Nge7 11. Bg5 Qb6 12. Bf6 Rg8 $146 13. Bxe7 Bxe7 14. Ne2 Kf8 15. Qd2 Kg7 16. Rfd1 Rgf8 17. b3 Rae8 18. Nf4 Bd8 19. Qe3 Qa7 20. Rac1 Bb6 21. Nh5+ $11 gxh5 22. Qg5+ Kh8 23. Qf6+ Kg8 24. Qg5+ Kh8 25. Qf6+ Kg8 26. Qg5+ 1/2-1/2

[Event "USA-ch Girls 2017"]
[Site "Saint Louis"]
[Date "2017.07.16"]
[Round "8"]
[White "Cervantes Landeiro, Thalia"]
[Black "Yip, Carissa"]
[Result "1-0"]
[ECO "D31"]
[WhiteElo "2032"]
[BlackElo "2261"]
[Annotator "RC"]
[PlyCount "69"]
[EventDate "2017.??.??"]
[EventType "tourn"]
[EventCountry "USA"]
[SourceTitle "playchess.com"]
[Source "ChessBase"]
[SourceQuality "1"]
[TimeControl "40/5400+30:1800+30"]

1. d4 d5 2. c4 e6 3. Nc3 Bb4 4. e3 Nf6 5. cxd5 exd5 6. Bd3 O-O 7. Nge2 b6 8. O-O Ba6 9. Bxa6 Nxa6 10. Qd3 Qc8 11. a3 Be7 12. b4 Rd8 13. b5 Nb8 14. a4 c5 15. dxc5 Bxc5 16. Bb2 Qg4 17. h3 Qg5 18. Rad1 Rd6 19. Nf4 Nbd7 20. Ncxd5 Nxd5 21. Nxd5 Rd8 22. Qe4 Kh8 23. Nf4 Nf6 24. Qf3 h6 25. Rxd6 Rxd6 26. Qa8+ Kh7 27. Qxa7 Kg8 28. Qa8+ Kh7 29. Qf3 Qf5 30. Rd1 g5 31. g4 Qc2 32. Rxd6 Qxb2 33. Nd5 Bxd6 34. Nxf6+ Kh8 35. Qa8+ 1-0

[Event "USA-ch Girls 2017"]
[Site "Saint Louis"]
[Date "2017.07.16"]
[Round "8"]
[White "Wang, Annie"]
[Black "Virkud, Apurva"]
[Result "1-0"]
[ECO "D37"]
[WhiteElo "2023"]
[BlackElo "2213"]
[Annotator "NA"]
[PlyCount "37"]
[EventDate "2017.??.??"]
[EventType "tourn"]
[EventCountry "USA"]
[SourceTitle "playchess.com"]
[Source "ChessBase"]
[SourceQuality "1"]
[TimeControl "40/5400+30:1800+30"]

1. d4 d5 2. c4 e6 3. Nc3 Be7 4. Nf3 Nf6 5. Bf4 O-O 6. e3 c5 7. dxc5 Bxc5 8. Qc2 $14 {[%emt 0:00:18] LiveBook: 737 Games} Nc6 9. a3 Qa5 10. Rd1 Be7 11. Be2 a6 12. O-O dxc4 13. Bxc4 h6 14. Ne4 e5 15. b4 Qxa3 16. Nxe5 Nxe5 17. Bxe5 Nxe4 18. Qxe4 Qxb4 19. Qg6 1-0

[Event "USA-ch Girls 2017"]
[Site "Saint Louis"]
[Date "2017.07.17"]
[Round "9"]
[White "Yip, Carissa"]
[Black "Nguyen, Emily"]
[Result "1-0"]
[ECO "B43"]
[WhiteElo "2261"]
[BlackElo "2048"]
[Annotator "ChessBase"]
[PlyCount "57"]
[EventDate "2017.??.??"]
[EventType "tourn"]
[EventCountry "USA"]
[SourceTitle "playchess.com"]
[Source "ChessBase"]
[SourceQuality "1"]
[TimeControl "40/5400+30:1800+30"]

1. e4 c5 2. Nf3 e6 3. d4 cxd4 4. Nxd4 a6 5. Nc3 Qc7 6. Bd3 Nc6 7. Be3 Nf6 8. O-O Nxd4 9. Bxd4 Bc5 10. Be2 e5 11. Bxc5 Qxc5 12. a4 b6 13. Qd3 Bb7 14. Rfd1 O-O 15. Rab1 Rac8 16. Rd2 Rfd8 17. Nd5 Nxd5 18. exd5 Qb4 19. Qe3 d6 20. c3 Qb3 21. Ra1 Bxd5 22. Ra3 Qxa3 23. bxa3 Rc5 24. Bxa6 Ra8 25. Bb5 Rac8 26. h3 g6 27. Ba6 R8c7 28. Rb2 Rxc3 29. Qxb6 1-0

[Event "USA-ch Girls 2017"]
[Site "Saint Louis"]
[Date "2017.07.17"]
[Round "9"]
[White "Eswaran, Ashritha"]
[Black "Cervantes Landeiro, Thalia"]
[Result "0-1"]
[ECO "C47"]
[WhiteElo "2086"]
[BlackElo "2032"]
[Annotator "NA RC"]
[PlyCount "100"]
[EventDate "2017.??.??"]
[EventType "tourn"]
[EventCountry "USA"]
[SourceTitle "playchess.com"]
[Source "ChessBase"]
[SourceQuality "1"]
[TimeControl "40/5400+30:1800+30"]

1. e4 e5 2. Nf3 Nc6 3. Nc3 Nf6 4. d4 exd4 5. Nxd4 Bb4 6. Nxc6 bxc6 7. Bd3 O-O 8. O-O d5 9. exd5 cxd5 10. h3 {[%emt 0:00:41] C47: Scotch Four Knights and Four Knights with 4 g3} c6 11. Qf3 Bd6 (11... Re8 12. Bf4 Qe7 13. a3 Bd6 14. Ne2 c5 15. b3 Be6 16. Bxd6 Qxd6 17. Rad1 Qe7 {1-0 (58) Bacrot,E (2696)-Fressinet,L (2668) Balagna 2017}) 12. Re1 Be6 13. Bf4 Rb8 14. b3 Bxf4 15. Qxf4 {[%emt 0:00:10] [#]} Qa5 $146 ({Predecessor:} 15... c5 16. Ne2 Rb6 17. c3 Qb8 {½-½ (36) Breder,D (2463)-Prusikin,M (2528) Switzerland 2016}) 16. Ne2 c5 17. a3 Rbc8 18. b4 Qb6 19. bxc5 Qxc5 20. Nd4 Rfe8 21. Re3 Bd7 22. Rae1 Qa5 23. Rxe8+ Rxe8 24. Rxe8+ Bxe8 25. Qe3 Qb6 26. Nf5 Qxe3 27. Nxe3 g6 28. c4 dxc4 29. Bxc4 Kf8 30. Nd5 Nxd5 31. Bxd5 Ke7 32. Kf1 Kd6 33. Bb3 Kc5 34. Ke2 Kd4 35. Kd2 $1 g5 36. Bc2 {[%emt 0:01:43] [#]} (36. g3 $15) 36... h5 $1 37. Bf5 (37. Bb3 $17) 37... h4 38. g3 Bc6 39. gxh4 gxh4 40. Bc8 Ke4 41. Ke2 Bb5+ 42. Kd2 (42. Ke1 $142 Kd3 43. Bg4) 42... Kf3 43. Ke1 Kg2 44. Bf5 Bc4 45. Bg4 (45. f4 $142) 45... Be6 46. Bh5 f6 47. Ke2 Bxh3 48. Bf3+ Kg1 49. Ke3 f5 50. Kf4 Bg2 0-1

[Event "USA-ch Girls 2017"]
[Site "Saint Louis"]
[Date "2017.07.17"]
[Round "9"]
[White "Ulrich, Rachel J"]
[Black "Wang, Annie"]
[Result "1/2-1/2"]
[ECO "C95"]
[WhiteElo "2049"]
[BlackElo "2023"]
[Annotator "NA RC"]
[PlyCount "162"]
[EventDate "2017.??.??"]
[EventType "tourn"]
[EventCountry "USA"]
[SourceTitle "playchess.com"]
[Source "ChessBase"]
[SourceQuality "1"]
[TimeControl "40/5400+30:1800+30"]

1. e4 e5 2. Nf3 Nc6 3. Bb5 a6 4. Ba4 Nf6 5. O-O Be7 6. Re1 b5 7. Bb3 d6 8. c3 O-O 9. h3 Nb8 10. d4 Nbd7 11. Nbd2 Bb7 12. Bc2 Re8 13. Nf1 Bf8 14. Ng3 g6 15. a4 c5 16. d5 c4 17. Bg5 h6 18. Be3 Nc5 19. Qd2 h5 20. Bxc5 {[%emt 0:00:35] C95: Closed Ruy Lopez: Breyer Variation with 10 d4} (20. Bg5 Bg7 21. Rf1 Qc7 22. Bh6 Bh8 23. Ng5 Nh7 24. Nxh7 Kxh7 25. Be3 Qe7 26. f4 exf4 27. Bxf4 Kg8 {1-0 (51) Zherebukh,Y (2605)-Caruana,F (2817) Saint Louis 2017}) 20... dxc5 21. Nf1 Qc7 22. Qg5 Nh7 23. Qe3 Qd6 $146 ({Predecessor:} 23... Nf6 24. N1d2 Bd6 25. Ra2 Bf8 26. Rea1 Rec8 27. Bd1 Rd8 {1-0 (73) Degerhammar,R (2452)-Contos,V (2438) ICCF email 2012}) 24. Reb1 Rab8 25. N1d2 Bc8 26. axb5 axb5 27. Ng5 Nxg5 28. Qxg5 Kh7 29. Qe3 Bh6 30. Qe2 Re7 31. b3 cxb3 32. Rxb3 Reb7 33. Nf3 Bd7 34. Rba3 Qe7 (34... b4 $5 35. Rb3 f6 $11) 35. Ra5 c4 36. Ra8 Qe8 37. Rxb8 Qxb8 38. Qd1 Bg7 39. Ra6 Ra7 40. Qa1 Rxa6 41. Qxa6 Kg8 42. Nd2 (42. Bd1 $11) 42... Bf8 43. Qf6 Qa8 44. Nf3 {[%emt 0:00:36] [#]} ({Avoid the trap} 44. Qxe5 $2 Qa2 $19) 44... Qa1+ $1 45. Kh2 Qxc3 46. Ng5 $2 (46. Bd1 $17 {keeps fighting.} Qb4 47. Nxe5) 46... Be8 47. Qd8 (47. Bd1 {is a better defense.} Qa3 48. Nf3) 47... Qxc2 48. Qxe8 Qxf2 49. d6 Qf4+ 50. Kh1 c3 ({Not} 50... Qxg5 51. d7 $11) 51. d7 c2 52. Qxf8+ Kxf8 53. d8=Q+ Kg7 54. Ne6+ fxe6 (54... Kh7 $142 55. Nxf4 c1=Q+ 56. Kh2 Qxf4+ 57. Kh1 Qxe4) 55. Qc7+ Qf7 56. Qxc2 Qf1+ 57. Kh2 {[%emt 0:00:04] [#]} Qc4 $1 58. Qb2 Qc5 ({Don't play} 58... Qxe4 59. Qxb5 Qd5 60. Qe8 $19) 59. Qb3 Qb6 60. Qb4 Kf7 61. Qd2 $2 (61. Kg3) 61... Qd4 (61... b4 $142 62. Qd7+ Kf8 63. Qc8+ Ke7) 62. Qc2 (62. Qa5 $142) 62... Qd6 63. Qf2+ Kg7 64. Qa7+ Kh6 65. Qe3+ g5 66. h4 (66. Qa7 $17) 66... Qe7 67. Qc3 g4 68. Qxe5 Kg6 69. Qxb5 Qxh4+ 70. Kg1 Qe1+ 71. Kh2 Qxe4 72. Qe8+ Kg5 73. Qe7+ Kf4 74. Qf6+ Ke3 75. Qc3+ Ke2 76. Qb2+ Kd3 77. Qb3+ Kd2 78. Qa2+ $2 (78. Qb2+ $11 {and White stays safe.} Qc2 79. Qd4+ Ke1 80. Qe5+ Kd2 81. Qd4+ Ke2 82. Qe5+ Kd2 83. Qd4+) 78... Ke3 79. Qa7+ $19 Kf4 80. g3+ Kf3 81. Qf2+ Kxf2 1/2-1/2